 Dungeon Crawl Stone Soup version 0.17.1-3-g152610e (webtiles) character file.

132 Jerry the Magician (level 4, -2/30 HPs)
             Began as a Mummy Wizard on Apr 2, 2016.
             Slain by Sigmund
             ... wielding a +4 scythe of venom
              (9 damage)
             ... on level 2 of the Dungeon.
             The game lasted 00:09:38 (2377 turns).

Jerry the Magician (Mummy Wizard)                   Turns: 2377, Time: 00:09:38

Health: -2/30      AC:  2    Str: 10    XL:     4   Next: 92%
Magic:  4/9        EV: 12    Int: 18    God:
Gold:   60         SH:  0    Dex: 10    Spells: 2 memorised, 7 levels left

rFire  x . .     SeeInvis .     f - +2 whip (freeze)
rCold  + . .     Clarity  .     a - +0 robe
rNeg   + + +     SustAt   .     (no shield)
rPois  ∞         Gourm    .     b - +0 hat
rElec  .         Spirit   .     (no cloak)
rCorr  .         Warding  .     (no gloves)
rMut   .         Stasis   .     (no boots)
MR     +....                    (no amulet)
Stlth  ++........               (no ring)
                                i - ring of protection from magic

@: somewhat resistant to hostile enchantments, unstealthy
A: no food or potions, fire vulnerability, cold resistance 1, negative energy
resistance 3, torment resistance, unbreathing
a: no special abilities


You were on level 2 of the Dungeon.
You were not hungry.

You visited 1 branch of the dungeon, and saw 2 of its levels.

You collected 60 gold pieces.

Inventory:

Hand Weapons
 d - a +0 club
 f - a +2 whip of freezing (weapon)
Armour
 a - a +0 robe (worn)
 b - a +0 hat (worn)
Jewellery
 i - a ring of protection from magic (left hand)
Scrolls
 e - a scroll of blinking {unknown}
 g - 2 scrolls of remove curse {unknown}
 h - 2 scrolls of enchant armour {unknown}
 j - a scroll of amnesia {unknown}
Books
 c - a book of Minor Magic

   Spells                             Type                      Level
   a - Magic Dart                     Conjuration                  1
   b - Blink                          Translocation                2
   c - Call Imp                       Summoning                    2
   d - Repel Missiles                 Charms/Air                   2
   e - Slow                           Hexes                        2
   f - Conjure Flame                  Conjuration/Fire             3
   g - Mephitic Cloud                 Conjuration/Poison/Air       3


   Skills:
 - Level 1.5 Dodging
 - Level 1.5 Stealth
 - Level 3.5 Spellcasting
 - Level 0.7 Conjurations
 + Level 3.5 Summonings
   Level 0.7 Translocations


You had 7 spell levels left.
You knew the following spells:

 Your Spells              Type           Power        Failure   Level  Hunger
a - Magic Dart            Conj           #...         12%         1    N/A
b - Call Imp              Summ           ###.....     8%          2    N/A

Dungeon Overview and Level Annotations

Branches:
Dungeon (2/15)

Altars:
Yredelemnul

Annotations:
D:2 Sigmund


Innate Abilities, Weirdness & Mutations

You do not eat or drink.
Your flesh is vulnerable to fire.
You are immune to poison.
Your flesh is cold resistant.
You are immune to negative energy.
You are immune to unholy pain and torment.
You can survive without breathing.


Message History

A beastly little devil appears in a puff of flame.
Sigmund screams, "I am the angel of ZOT!!!"
You swap places.
Your crimson imp blinks!
Your white imp disappears in a puff of smoke!
Your crimson imp blinks!
Your crimson imp hits Sigmund.
Your crimson imp blinks!
Something misses your crimson imp.
You see here a club.
Sigmund points at you and mumbles some strange words.
The puff of flame hits you! The fire burns you terribly!
Ouch! That really hurt!
* * * LOW HITPOINT WARNING * * *
Sigmund breathes a few words.
Sigmund's hands start flickering wildly.
Sigmund giggles. "Time to reap what you sow."
Sigmund is suddenly surrounded by pale red light.
Sigmund hits you from afar with a scythe of venom!
You die...

#..# #.# ######### ## ##g#
#.# .## #5## #.# ..# #..#
#.# #.#### ##.###.# #....##
#..##.#### ##.#..###
##@##....# #......#
##..#.#..# #......#
#...@.#.#######
#.....#######..#..<......##
#.###.....##.....#####....#
##.#.†..._.###(#...........#
...###.....###..%>#####....#
.......######.##### #....#
........#####.# #.(..#
........##.##.#### #....#
......#.....(....# ######


You could see Sigmund, a goblin and a friendly crimson imp.

Vanquished Creatures
  2 worms (D:2)
  3 giant geckos
  A giant cockroach (D:2)
  3 hobgoblins
  A ball python (D:1)
  6 bats
  2 giant newts
  4 goblins
  A goblin zombie (D:2)
  3 kobolds
  4 rats (D:2)
30 creatures vanquished.

Vanquished Creatures (collateral kills)
  A human (D:2)
  A human skeleton (D:2)
  A hobgoblin (D:2)
3 creatures vanquished.

Grand Total: 33 creatures vanquished

Notes
Turn   | Place    | Note
--------------------------------------------------------------
     0 | D:1      | Jerry the Mummy Wizard began the quest for the Orb.
     0 | D:1      | Reached XP level 1. HP: 13/13 MP: 4/4
  1217 | D:1      | Reached XP level 2. HP: 19/19 MP: 1/6
  1221 | D:1      | Learned a level 2 spell: Call Imp
  1342 | D:1      | Reached skill level 1 in Summonings
  1650 | D:2      | Noticed Sigmund
  1972 | D:2      | Reached XP level 3. HP: 24/24 MP: 4/8
  2182 | D:2      | Found a runed door.
  2182 | D:2      | Noticed a human
  2205 | D:2      | Found a basalt altar of Yredelemnul.
  2268 | D:2      | Killed a human
  2268 | D:2      | Reached XP level 4. HP: 30/30 MP: 2/9
  2377 | D:2      | Slain by Sigmund

Action                   |  1- 3 |  4- 6 || total
-------------------------+-------+-------++-------
Melee: Whip              |    73 |       ||    73
       Unarmed           |     5 |       ||     5
 Cast: Magic Dart        |    43 |       ||    43
       Call Imp          |     8 |     4 ||    12
 Stab: Distracted        |     1 |       ||     1
